cohdb
Replays
Latest Replays
All Replays
Popular Replays
Top Player Replays
Match Explorer
How It Works
Community
CoH3 Stats
Reddit
Sign in to upload your games and track your stats! →
Sign in with Steam
Match 46351098
Unlisted
Match 46351098
Overview
Messages
Build Orders
End
Pioneer Squad
Construct Infanterie Kompanie
Grenadier Squad
GrW 34 Mortar Team
Selects Luftwaffe Battlegroup
Selects Luftwaffe Pioneer Support
Fallschirmpioneer Squad Paradrop
Selects Stuka Strafing Run
Stuka Strafing Run
Construct Panzergrenadier Kompanie
PatriceLumumba400
margnus17
조아
juand400
Henk
water
Reiss.^
Hirys it's Irys
0
0
Comments
sign in to comment!
No comments posted yet!